 Dungeon Crawl Stone Soup version 0.25.1-2-g60ff931df9 (webtiles) character file.

Game seed: 17840203637530930917

162 Curus the Chopper (level 5, 0/42 HPs)
             Began as a Minotaur Gladiator on Sept 20, 2020.
             Splashed by a jelly's acid (10 damage)
             ... on level 2 of the Dungeon.
             The game lasted 00:08:20 (1680 turns).

Curus the Chopper (Minotaur Gladiator)              Turns: 1680, Time: 00:08:21

Health: 0/42       AC: 10    Str: 18    XL:     5   Next: 19%
Magic:  4/4        EV:  6    Int:  6    God:
Gold:   56         SH:  0    Dex: 12    Spells: 4/4 levels left

rFire    . . .     SeeInvis .   a - +0 war axe
rCold    . . .     Gourm    .   (no shield)
rNeg     . . .     Faith    .   h - +0 plate armour
rPois    .         Spirit   .   c - +0 hat
rElec    .         Reflect  .   (no cloak)
rCorr    .         Harm     .   (no gloves)
MR       .....                  (no boots)
Stlth    ..........             (no amulet)
HPRegen  0.14/turn              e - ring of attention (curse)
MPRegen  0.09/turn              (no ring)

@: no status effects
A: retaliatory headbutt, horns 2
a: no special abilities


You were on level 2 of the Dungeon.
You were not hungry.

You visited 1 branch of the dungeon, and saw 2 of its levels.

You collected 56 gold pieces.

Inventory:

Hand Weapons
 a - a +0 war axe (weapon)
Missiles
 d - 3 throwing nets (quivered)
Armour
 b - a +0 leather armour
 c - a +0 hat (worn)
 h - a +0 plate armour (worn)
Jewellery
 e - a cursed ring of attention (left hand)
Scrolls
 j - a scroll of identify
Potions
 i - a potion of flight
Comestibles
 f - 8 rations
 g - 5 chunks of flesh


   Skills:
 - Level 2.4 Fighting
 + Level 7.2 Axes
 - Level 2.0 Throwing
 - Level 3.2 Dodging


You had 4 spell levels left.
You didn't know any spells.
Your spell library was empty.

Dungeon Overview and Level Annotations

Branches:
Dungeon (2/15)

Altars:

Annotations:
D:2 1 runed translucent door, Crazy Yiuf


Innate Abilities, Weirdness & Mutations

You reflexively headbutt those who attack you in melee.
You have a pair of horns on your head.


Message History

The ooze is severely wounded.
The ooze hits you but does no damage.
You slash the ooze!
You kill the ooze!
Things that are here:
a +0 short sword; a kobold corpse You start resting.
Eating one of 8 chunks of flesh.
You eat one of the 8 chunks of flesh.
This raw flesh tastes terrible.
Some of the chunks of flesh in your inventory have rotted away.
The jelly is too close now for your liking.
The jelly quivers.
Your plate armour prevents you from hitting the jelly.
The jelly barely misses you.
You hit the jelly.
Your hands burn!
* * * LOW HITPOINT WARNING * * *
The jelly is moderately wounded.
The jelly hits you.
* * * LOW HITPOINT WARNING * * *
You are splashed with acid!
You die...

...........###.))).##
#.####.
.#.###.#.#.##.......#
#......
.#>........##)......#
#......
.#####.#.#.##.......#
#...... .#
#.#...##(......#
#...... .#
###.##.###....####
##...... .###......#
#....'..## #.#.....
........#.#
########.# #.#..#..
..........#
##.J@)..## #..#.#..
...#.#..### #'#######
#..#...# ........#
#J..PJ.... #...#.÷#
#..#.##.# #÷..P...÷.
#.#.#... #..#.##.#
#.....P... ##....#..
........# #...÷.P...
#...#.#.. ###..####
#.......P. #.#....#.
# ##.# #÷P.P.÷..[
#.##..#.#
#.################
#.###....


You could see a jelly.

Vanquished Creatures
  A jelly (D:2)
  2 adders (D:2)
  10 oozes
  A leopard gecko (D:1)
  A ball python (D:1)
  6 bats
  4 giant cockroaches
  10 goblins
  3 hobgoblins
  8 jackals (D:2)
  16 kobolds
  2 frilled lizards
  5 rats
69 creatures vanquished.

Vanquished Creatures (others)
  A fungus (D:2)
  9 toadstools (D:2)
10 creatures vanquished.

Grand Total: 79 creatures vanquished

Notes
Turn   | Place    | Note
-------+----------+-------------------------------------------
     0 | D:1      | Curus the Minotaur Gladiator began the quest for the Orb.
     0 | D:1      | Reached XP level 1. HP: 18/18 MP: 0/0
    38 | D:1      | Reached skill level 4 in Axes
   254 | D:1      | Reached XP level 2. HP: 25/25 MP: 1/1
   500 | D:1      | Reached skill level 5 in Axes
   514 | D:1      | Reached XP level 3. HP: 27/30 MP: 2/2
  1347 | D:2      | Reached skill level 6 in Axes
  1347 | D:2      | Reached XP level 4. HP: 37/37 MP: 3/3
  1569 | D:2      | Found a runed translucent door.
  1570 | D:2      | Noticed Crazy Yiuf
  1636 | D:2      | Reached XP level 5. HP: 18/42 MP: 4/4
  1641 | D:2      | Reached skill level 7 in Axes
  1680 | D:2      | Splashed by a jelly's acid

Illustrated notes

Levels and vault maps discovered:
D:1:      saegor_arrival_simple_b, layout_basic, bh_walls_and_bars
D:2:      cheibrodos_fertilizer, layout_loops_ring, first_ration, st_stairs_10,
          chequers_arboretum, hangedman_decor_peaks_small,
          uniq_crazy_yiuf_cottage

Skill      XL: |  1  2  3  4  5 |
---------------+----------------+-----
Axes           | 4 5 6 7 |  7.2
Fighting       | |  2.4
Throwing       | |  2.0
Dodging        | |  3.2

Action                   |  1- 3 |  4- 6 || total
-------------------------+-------+-------++-------
Melee: War axe           |    87 |    44 ||   131
       Headbutt          |    11 |     7 ||    18
  Use: Potion            |     4 |     1 ||     5
       Scroll            |     3 |     1 ||     4
  Eat: Chunk             |     1 |     2 ||     3
Armor: Leather armour    |    14 |       ||    14
       Plate armour      |    38 |    31 ||    69
Dodge: Dodged            |    35 |    26 ||    61
